 Dungeon Crawl Stone Soup version 0.27-a0-906-g0a00ce863d (webtiles) character file.

Game seed: 2832408682483931519

22 robertstho the Magician (level 2, -1/22 HPs)
             Began as a Djinni Ice Elementalist on Apr 7, 2021.
             Splashed by a jelly's acid (11 damage)
             ... on level 2 of the Dungeon.
             The game lasted 00:01:13 (1922 turns).

robertstho the Magician (Djinni Ice Elementalist)   Turns: 1922, Time: 00:01:15

Health: -1/22      AC:  2    Str:  7    XL:     2   Next: 91%
Gold:   108        EV: 12    Int: 16    God:
                   SH:  0    Dex: 13

rFire    + + .     SeeInvis .   c - +0 dagger
rCold    x . .     Faith    .   (no shield)
rNeg     . . .     Spirit   .   a - +0 robe
rPois    ∞         Reflect  .   (no helmet)
rElec    .         Harm     .   (no cloak)
rCorr    .         Rampage  .   (no gloves)
Will     .....                  (boots unavailable)
Stlth    ++........             (no amulet)
HPRegen  0.07/turn              (no ring)
MPRegen  0.00/turn              (no ring)

@: flying
A: fire resistance 2, cold vulnerability 1, float, innate caster, hp casting,
extra vitality 1
a: no special abilities


You were on level 2 of the Dungeon.
You visited 1 branch of the dungeon, and saw 2 of its levels.

You collected 108 gold pieces.

Inventory:

Hand Weapons
 c - a +0 dagger (weapon)
Armour
 a - a +0 robe (worn)
Scrolls
 b - 3 scrolls of identify {unknown}
 e - a scroll of teleportation {unknown}
Potions
 d - 2 potions of might {unknown}
 f - a potion of curing {unknown}


   Skills:
 * Level 0.8 Fighting
 + Level 2.2 Dodging
 + Level 1.7 Stealth
 + Level 0.6 Unarmed Combat
 * Level 4.0 Spellcasting


You couldn't memorise any spells.
You knew the following spells:

 Your Spells              Type           Power      Damage    Failure   Level
a - Freeze                Ice            64%        1d8       3%          1
b - Frozen Ramparts       Ice            32%        1d5       10%         3
c - Ozocubu's Armour      Ice            16%        N/A       10%         3
d - Hailstorm             Conj/Ice       16%        3d6       32%         4
e - Summon Ice Beast      Ice/Summ       16%        N/A       32%         4
Your spell library was empty.

Dungeon Overview and Level Annotations

Branches:
Dungeon (2/15)

Altars:


Innate Abilities, Weirdness & Mutations

You are immune to poison.
Your flesh is very heat resistant. (rF++)
You are vulnerable to cold. (rC-)
You float through the air rather than walking.
You learn spells naturally, not from books.
Your magical power is your life essence.
You have superior vitality. (+4 HP)


Message History

A rat comes into view.
A jelly comes into view.
There are monsters nearby!
There are monsters nearby!
There are monsters nearby!
There are monsters nearby!
The jelly quivers.
You barely miss the rat. The rat bites you but does no damage.
Casting: Freeze (safe; 3% risk of failure)
Confirm with . or Enter, or press ? or * to list all spells.
Aiming: Freeze (safe; 3% risk of failure)
Press: ? - help, Shift-Dir - straight line, f - rat
Aim: a rat You freeze the rat!
You kill the rat!
Casting: Freeze (safe; 3% risk of failure)
Confirm with . or Enter, or press ? or * to list all spells.
Aiming: Freeze (safe; 3% risk of failure)
Press: ? - help, Shift-Dir - straight line, f - jelly
Aim: a jelly You freeze the jelly.
The jelly is moderately wounded.
The jelly closely misses you.
Casting: Freeze (safe; 3% risk of failure)
Confirm with . or Enter, or press ? or * to list all spells.
Aiming: Freeze (safe; 3% risk of failure)
Press: ? - help, Shift-Dir - straight line, f/p - jelly
Aim: a jelly (moderately wounded)
You freeze the jelly.
The jelly is moderately wounded.
The jelly hits you.
You are splashed with acid.
Casting: Freeze (safe; 3% risk of failure)
Confirm with . or Enter, or press ? or * to list all spells.
Aiming: Freeze (safe; 3% risk of failure)
Press: ? - help, Shift-Dir - straight line, f/p - jelly
Aim: a jelly (moderately wounded)
You freeze the jelly.
The jelly is moderately wounded.
The jelly hits you.
You are splashed with acid!
Ouch! That really hurt!
You die...

#################
#................
###.###############
#......#
######......#
............#
.......@....#
......J..####
...........
.).........#
...........#
...........#
...........#
########...#


You could see a jelly.

Vanquished Creatures
  A worm (D:2)
  An endoplasm (D:1)
  2 giant cockroaches (D:1)
  3 jackals (D:1)
  3 ball pythons (D:1)
  3 bats
  2 frilled lizards
  3 kobolds
  3 rats
21 creatures vanquished.

Notes
Turn   | Place    | Note
-------+----------+-------------------------------------------
     0 | D:1      | robertstho the Djinni Ice Elementalist began the quest for
                  | the Orb.
     0 | D:1      | Reached XP level 1. HP: 15/15 MP: 0/0
   390 | D:1      | Reached XP level 2. HP: 14/22 MP: 0/0
   600 | D:1      | Found a faded altar of an unknown god.
  1747 | D:2      | Reached skill level 4 in Spellcasting
  1922 | D:2      | Splashed by a jelly's acid

Illustrated notes

Levels and vault maps discovered:
D:1:      amcnicky_arrival_single_pillar, layout_loops_ring,
          chequers_ecumenical_altar_simple_redux, minmay_tetromino_l2
D:2:      layout_basic, chequers_mini_garden

Skill      XL: |  1  2 |
---------------+-------+-----
Spellcasting   | 4 |  4.0
Fighting       | |  0.8
Dodging        | |  2.2
Stealth        | |  1.7
Unarmed Combat | |  0.6

Action                   || total
-------------------------++-------
Melee: Unarmed           ||    12
       Dagger            ||     8
 Cast: Freeze            ||    30
 Stab: Sleeping          ||     2
Armor: Robe              ||     6
Dodge: Dodged            ||    21

Table legend: (Time is in decaauts)
 A = Elapsed time spent in this place.
 B = Non-inter-level travel time spent in this place.
 C = Inter-level travel time spent in this place.
 D = Time resting spent in this place.
 E = Time spent auto-exploring this place.
 F = Levels seen in this place.
 G = Mean time per level.
                   A        B        C        D        E       F      G
               +--------+--------+--------+--------+--------+-----+--------+
         Total |   1922 |   1899 |     23 |    196 |   1572 |   2 |  961.0 |
       Dungeon |   1922 |   1899 |     23 |    196 |   1572 |   2 |  961.0 |
               +--------+--------+--------+--------+--------+-----+--------+

Top non-repeatable levels by time:
     D:1: 1567 daAuts
     D:2: 355 daAuts
